 Dungeon Crawl Stone Soup version 0.27.1-1-g398f81649c (webtiles) character file.

Game seed: 12479496443282732573

541 MisterFreud the Shield-Bearer (level 7, -3/60 HPs)
             Began as a Gnoll Fighter on Sept 6, 2021.
             Splashed by a jelly's acid (6 damage)
             ... on level 4 of the Dungeon.
             The game lasted 00:05:12 (3900 turns).

MisterFreud the Shield-Bearer (Gnoll Fighter)       Turns: 3900, Time: 00:05:13

Health: -3/60      AC: -5    Str: 15    XL:     7   Next: 26%
Magic:  10/10      EV:  6    Int:  9    God:
Gold:   143        SH: 10    Dex: 12    Spells: 10/10 levels left

rFire    . . .     SeeInvis .   a - +0 rapier
rCold    . . .     Faith    .   c - +0 kite shield
rNeg     + . .     Spirit   .   s - +0 chain mail
rPois    .         Reflect  .   (no helmet)
rElec    .         Harm     .   (no cloak)
rCorr    .         Rampage  .   (no gloves)
Will     .....                  (no boots)
Stlth    ..........             (no amulet)
HPRegen  0.20/turn              m - +4 ring of protection
MPRegen  0.12/turn              r - ring of positive energy

@: corroded
A: fangs 1, strong nose, distributed training
a: no special abilities


You were on level 4 of the Dungeon.
You visited 1 branch of the dungeon, and saw 4 of its levels.
You also visited: Sewer.

You collected 166 gold pieces.
You spent 23 gold pieces at shops.

Inventory:

Hand Weapons
 a - a +0 rapier (weapon)
Missiles
 g - 53 stones
 h - 20 poisoned darts
 n - 14 boomerangs (quivered)
Armour
 b - a +0 scale mail
 c - a +0 kite shield (worn)
 s - a +0 chain mail (worn)
Jewellery
 m - a +4 ring of protection (left hand)
 r - a ring of positive energy (right hand)
 w - an amulet of the acrobat
Wands
 v - a wand of flame (7)
Scrolls
 f - a scroll of amnesia {unknown}
 i - 2 scrolls of identify {unknown}
 j - a scroll of enchant armour {unknown}
 o - 2 scrolls of teleportation {unknown}
 q - 2 scrolls of fog {unknown}
Potions
 d - 3 potions of might
 e - 3 potions of degeneration {unknown}
 k - 2 potions of haste {unknown}
 l - a potion of invisibility {unknown}
 p - a potion of heal wounds {unknown}
 t - a potion of lignification {unknown}
 u - a potion of resistance {unknown}


   Skills:
 + Level 7.0 Fighting
 + Level 5.2 Short Blades
 + Level 2.3 Long Blades
 + Level 2.3 Axes
 + Level 2.3 Maces & Flails
 + Level 2.3 Polearms
 + Level 2.3 Staves
 + Level 2.3 Slings
 + Level 2.3 Bows
 + Level 2.3 Crossbows
 + Level 2.3 Throwing
 + Level 7.0 Armour
 + Level 2.3 Dodging
 + Level 2.3 Stealth
 + Level 7.0 Shields
 + Level 2.3 Unarmed Combat
 + Level 2.3 Spellcasting
 + Level 1.9 Conjurations
 + Level 1.9 Hexes
 + Level 1.9 Summonings
 + Level 1.9 Necromancy
 + Level 1.9 Translocations
 + Level 1.9 Transmutations
 + Level 1.9 Fire Magic
 + Level 1.9 Ice Magic
 + Level 1.9 Air Magic
 + Level 1.9 Earth Magic
 + Level 1.9 Poison Magic
 + Level 2.6 Invocations
 + Level 2.3 Evocations


You had 10 spell levels left.
You didn't know any spells.
Your spell library contained the following spells:

 Spells                   Type           Power      Damage    Failure   Level
 Ozocubu's Armour         Ice            4%         N/A       100%        3
 Fireball                 Conj/Fire      2%         3d4       100%        5
 Metabolic Englaciation   Hex/Ice        2%         N/A       100%        5
 Simulacrum               Ice/Necr       2%         N/A       100%        6
 Starburst                Conj/Fire      2%         6d3       100%        6
 Ignition                 Fire           2%         3d3       100%        8


Dungeon Overview and Level Annotations

Branches:
Dungeon (4/15)             Temple (0/1) D:4           Sewer (visited)

Altars:
Okawaru
Trog
Vehumet
Wu Jian
Xom

Shops:
D:2 *


Innate Abilities, Weirdness & Mutations

You have very sharp teeth.
Your uncanny sense of smell can sniff out nearby items.
Your experience applies equally to all skills.


Message History

w - an amulet of the acrobat Shopping list: removing an amulet of the acrobat on D:2
There is a stone staircase leading down here.
A jelly comes into view.
A jelly is nearby!
A jelly is nearby!
The jelly quivers.
You block the jelly's attack.
You hit the jelly.
Your hands burn!
The jelly is lightly wounded.
The jelly hits you but does no damage.
You puncture the jelly! The acid corrodes you!
Your hands burn!
The jelly is moderately wounded.
You block the jelly's attack.
You hit the jelly. The acid corrodes you!
Your hands burn!
The jelly is moderately wounded.
The jelly hits you.
You are splashed with acid.
You block the jelly's attack.
You hit the jelly but do no damage. The acid corrodes you!
Your hands burn!
The jelly is moderately wounded.
The jelly hits you.
You are splashed with acid!
Your chain mail prevents you from hitting the jelly.
The jelly is moderately wounded.
You block the jelly's attack.
You hit the jelly but do no damage. The acid corrodes you!
Your hands burn!
The jelly is moderately wounded.
The jelly hits you.
You are splashed with acid!
You are too injured to fight recklessly!
You are too injured to fight recklessly!
You hit the jelly but do no damage.
Your hands burn!
* * * LOW HITPOINT WARNING * * *
The jelly is moderately wounded.
The jelly hits you.
* * * LOW HITPOINT WARNING * * *
The acid corrodes you!
You are splashed with acid!
* * * LOW HITPOINT WARNING * * *
You block the jelly's attack. The jelly hits you.
* * * LOW HITPOINT WARNING * * *
The acid corrodes you!
You are splashed with acid.
You die...

## #.# .## ##.##
..####...## ########
..........# #......#
..####...## #.####.#
.####...########.####.# ##
#.#............[##.# #
##.#.########J#.##.# ##..##
#@.#.#.# ##...##
####.###..#
##.....###.........#
##.......#....#...#.#
###.................#.#
..............#._.#.#.#####
###.........†.)...........#
##.......#....#...#.###.#
##.....###.......#.# #.#


You could see a jelly.

Vanquished Creatures
  An orc warrior (D:3)
  Purgy (Sewer)
  Natasha (twice) (D:2)
  4 iguanas
  An orc wizard (D:4)
  A hound skeleton (D:4)
  3 adders
  4 river rats (D:4)
  An adder skeleton (D:4)
  A worm (D:2)
  A dart slug (D:1)
  13 orcs
  4 endoplasms
  5 giant cockroaches
  10 hobgoblins
  2 jackals (D:2)
  3 quokkas
  4 ball pythons
  6 bats
  3 frilled lizards
  10 goblins
  3 kobolds
  3 rats
86 creatures vanquished.

Vanquished Creatures (others)
  A dart slug (D:4)
  An orc (D:4)
  A goblin (D:4)
  2 kobolds (D:4)
  A quokka (D:4)
6 creatures vanquished.

Grand Total: 92 creatures vanquished

Notes
Turn   | Place    | Note
-------+----------+-------------------------------------------
     0 | D:1      | MisterFreud the Gnoll Fighter began the quest for the Orb.
     0 | D:1      | Reached XP level 1. HP: 23/23 MP: 1/1
    13 | D:1      | Noticed a merfolk zombie
    13 | D:1      | Noticed a merfolk zombie
    74 | D:1      | Reached XP level 2. HP: 15/29 MP: 2/2
   896 | D:2      | Reached XP level 3. HP: 35/35 MP: 3/3
   930 | D:2      | Found Xeihyk Ofao's Assorted Antiques.
   936 | D:2      | Bought an emerald potion for 23 gold pieces
  1332 | D:2      | Reached skill level 1 in Invocations
  1413 | D:2      | Noticed Natasha
  1424 | D:2      | Killed Natasha
  1425 | D:2      | Reached skill level 1 in Long Blades
  1425 | D:2      | Reached skill level 1 in Axes
  1425 | D:2      | Reached skill level 1 in Maces & Flails
  1425 | D:2      | Reached skill level 1 in Polearms
  1425 | D:2      | Reached skill level 1 in Staves
  1425 | D:2      | Reached skill level 1 in Slings
  1425 | D:2      | Reached skill level 1 in Bows
  1425 | D:2      | Reached skill level 1 in Crossbows
  1425 | D:2      | Reached skill level 1 in Throwing
  1425 | D:2      | Reached skill level 1 in Dodging
  1425 | D:2      | Reached skill level 1 in Stealth
  1425 | D:2      | Reached skill level 1 in Unarmed Combat
  1425 | D:2      | Reached skill level 1 in Spellcasting
  1425 | D:2      | Reached skill level 1 in Evocations
  1425 | D:2      | Reached XP level 4. HP: 37/41 MP: 5/5
  1510 | D:2      | Noticed Natasha
  1516 | D:2      | Killed Natasha
  1517 | D:2      | Reached skill level 1 in Conjurations
  1517 | D:2      | Reached skill level 1 in Hexes
  1517 | D:2      | Reached skill level 1 in Summonings
  1517 | D:2      | Reached skill level 1 in Necromancy
  1517 | D:2      | Reached skill level 1 in Translocations
  1517 | D:2      | Reached skill level 1 in Transmutations
  1517 | D:2      | Reached skill level 1 in Fire Magic
  1517 | D:2      | Reached skill level 1 in Ice Magic
  1517 | D:2      | Reached skill level 1 in Air Magic
  1517 | D:2      | Reached skill level 1 in Earth Magic
  1517 | D:2      | Reached skill level 1 in Poison Magic
  1934 | D:3      | Found an iron altar of Okawaru.
  1999 | D:3      | Reached XP level 5. HP: 35/47 MP: 6/6
  2234 | D:3      | Found a bloodstained altar of Trog.
  2498 | D:4      | Found a staircase to the Ecumenical Temple.
  2693 | D:4      | Found a glowing drain.
  2770 | D:4      | Reached XP level 6. HP: 53/53 MP: 8/8
  2799 | Sewer    | Entered a sewer
  2811 | Sewer    | Noticed Purgy
  2816 | Sewer    | Killed Purgy
  2817 | Sewer    | Reached skill level 5 in Short Blades
  3071 | D:4      | Found a shimmering altar of Xom.
  3112 | D:4      | Found an ornate altar of the Wu Jian Council.
  3131 | D:4      | Noticed an orc warrior
  3197 | D:3      | Killed an orc warrior
  3198 | D:3      | Reached XP level 7. HP: 16/60 MP: 10/10
  3767 | D:4      | Found a radiant altar of Vehumet.
  3886 | D:4      | HP: 3/60 [acid (9)]
  3900 | D:4      | HP: 3/60 [jelly (3)]
  3900 | D:4      | Splashed by a jelly's acid

Illustrated notes

Levels and vault maps discovered:
D:1:      shiori_arrival_whats_in_store_for_you, layout_loops_cross
D:2:      layout_loops_ring, serial_shops, shop, uniq_natasha
D:3:      layout_basic, okawaru_metal_pillars_1_2, trog_book
D:4:      layout_loops_corners, xom_confusion_cloud,
          nicolae_wu_jian_wuxing_cycle, vehumet_altar_wand_db,
          minmay_temple_entry_statues_fountains, portal_sewer_entry_c,
          patterned_corridor

Skill      XL: |  1  2  3  4  5  6 |
---------------+-------------------+-----
Invocations    | 1 2 |  2.6
Long Blades    | 1 2 |  2.3
Axes           | 1 2 |  2.3
Maces & Flails | 1 2 |  2.3
Polearms       | 1 2 |  2.3
Staves         | 1 2 |  2.3
Slings         | 1 2 |  2.3
Bows           | 1 2 |  2.3
Crossbows      | 1 2 |  2.3
Throwing       | 1 2 |  2.3
Dodging        | 1 2 |  2.3
Stealth        | 1 2 |  2.3
Unarmed Combat | 1 2 |  2.3
Spellcasting   | 1 2 |  2.3
Evocations     | 1 2 |  2.3
Conjurations   | 1 |  1.9
Hexes          | 1 |  1.9
Summonings     | 1 |  1.9
Necromancy     | 1 |  1.9
Translocations | 1 |  1.9
Transmutations | 1 |  1.9
Fire Magic     | 1 |  1.9
Ice Magic      | 1 |  1.9
Air Magic      | 1 |  1.9
Earth Magic    | 1 |  1.9
Poison Magic   | 1 |  1.9
Short Blades   | 5 |  5.2
Fighting       | 7 |  7.0
Armour         | 7 |  7.0
Shields        | 7 |  7.0

Action                   |  1- 3 |  4- 6 |  7- 9 || total
-------------------------+-------+-------+-------++-------
Melee: Rapier            |   113 |   182 |    53 ||   348
       Bite              |    12 |    22 |     5 ||    39
Armor: Scale mail        |    61 |    56 |       ||   117
       Chain mail        |       |       |    41 ||    41
Dodge: Dodged            |    31 |    57 |    17 ||   105
Block: Kite shield       |    61 |    87 |    28 ||   176
